 Dungeon Crawl Stone Soup version 0.17.0-23-g0de4337 (webtiles) character file.

317 TruthSerum the Ruffian (level 6, -23/61 HPs)
             Began as a Troll Monk on Nov 15, 2015.
             Was a Believer of Okawaru.
             Killed from afar by Dowan (24 damage)
             ... with a shard of ice
             ... on level 4 of the Dungeon.
             The game lasted 00:12:24 (2334 turns).

TruthSerum the Ruffian (Troll Monk)                 Turns: 2334, Time: 00:12:24

Health: -23/61     AC:  6    Str: 20    XL:     6   Next: 20%
Magic:  5/5        EV: 11    Int:  6    God:    Okawaru [**....]
Gold:   146        SH:  0    Dex: 14    Spells: 0 memorised, 5 levels left

rFire  . . .     SeeInvis .       - Unarmed
rCold  . . .     Clarity  .     a - +1 robe
rNeg   . . .     SustAt   .     (no shield)
rPois  .         Gourm    +     (helmet restricted)
rElec  .         Spirit   .     (no cloak)
rCorr  .         Warding  .     (gloves unavailable)
rMut   .         Stasis   +     (boots unavailable)
MR     .....                    o - amulet of stasis
Stlth  ++........               (no ring)
                                (no ring)

@: not resistant to hostile enchantments, unstealthy
A: unfitting armour, claws 3, fast metabolism 3, gourmand, regeneration 2,
shaggy fur 1, tough skin 2
a: Heroism, Renounce Religion


You were on level 4 of the Dungeon.
You worshipped Okawaru.
Okawaru was pleased with you.
You were very full.

You visited 2 branches of the dungeon, and saw 5 of its levels.

You collected 146 gold pieces.

Inventory:

Armour
 a - a +1 robe (worn)
Jewellery
 o - an amulet of stasis (around neck)
Scrolls
 h - a scroll of teleportation
Potions
 c - a potion of curing
 f - a potion of heal wounds {unknown}
 j - a potion of agility {unknown}
 m - a potion of might {unknown}
 q - 2 potions of berserk rage {unknown}
Comestibles
 b - 5 bread rations
 g - a meat ration


   Skills:
 + Level 3.5 Fighting
 + Level 3.5 Dodging
 - Level 1.1 Stealth
 * Level 6.0 Unarmed Combat


You had 5 spell levels left.
You didn't know any spells.

Dungeon Overview and Level Annotations

Branches:
Dungeon (4/15)             Temple (1/1) D:4

Altars:
Ashenzari
Dithmenos
Elyvilon
Fedhas
Makhleb
Nemelex Xobeh
Okawaru
Ru
Trog
Vehumet
Xom
Yredelemnul
Zin
The Shining One

Annotations:
D:4 Dowan


Innate Abilities, Weirdness & Mutations

You are too large for most types of armour.
You have claws for hands.
Your metabolism is lightning-fast.
You like to eat raw meat.
You heal very quickly.
You are covered in fur (AC +1).
You have very tough skin (AC +2).


Message History

Okawaru is honoured by your kill.
Dowan seems overcome with grief, but rights himself reflexively soon after.
Dowan seems to find hidden reserves of power!
Your Unarmed Combat skill increases to level 6!
You have reached level 6!
Your experience leads to an increase in your attributes!
Increase (S)trength, (I)ntelligence, or (D)exterity?
You feel agile.
You feel stronger.
Dowan zaps a wand.
Your amulet of stasis rumbles.
You hear a shout!
Dowan gestures at you while chanting. The shard of ice hits you!
Dowan points at you and mumbles some strange words.
The shard of ice hits you!
* * * LOW HITPOINT WARNING * * *
Items here: ! ) [ † a short sword; a robe; a potion of curing; the elf corpse of Duvessa Dowan points at you and mumbles some strange words.
The shard of ice hits you!
You die...

#.# #.#...# ##.## # #.#
#.##### #.# # ..### #.#
#.# # #...# ###.# #'# #
#.⌠.# #...# ... #
#...#####.#### .... ##
.......##.##.## .....
##.
..>..⌠.##.#...####......
####..
...............)@e......
+.....
#...###.......####......
####.. #.⌠.# #.......#
..... ##. #...#
#.#.##..# .... ######
#.### #.#.##..# ...
#....§ #.# #.#.##..# '#
#.#### #. #.#S##..# # #.
........# #. ##.#.##.##
#.


You could see Dowan.

Vanquished Creatures
  Duvessa (D:4)
  An ogre (D:4)
  Robin (D:2)
  6 adders
  An ooze (D:1)
  5 giant geckos
  A ball python (D:1)
  2 giant cockroaches
  10 goblins
  14 hobgoblins
  2 jackals (D:3)
  5 kobolds
  6 bats
  A giant gecko skeleton (D:4)
  3 giant newts
  7 rats
66 creatures vanquished.

Notes
Turn   | Place    | Note
--------------------------------------------------------------
     0 | D:1      | TruthSerum the Troll Monk began the quest for the Orb.
     0 | D:1      | Reached XP level 1. HP: 22/22 MP: 0/0
    90 | D:1      | Reached XP level 2. HP: 27/29 MP: 1/1
   730 | D:2      | Reached XP level 3. HP: 32/36 MP: 2/2
   872 | D:2      | Noticed Robin
   877 | D:2      | Reached XP level 4. HP: 44/44 MP: 3/3
   897 | D:2      | Reached skill level 5 in Unarmed Combat
   906 | D:2      | Killed Robin
  2112 | D:4      | Noticed an ogre
  2119 | D:4      | Killed an ogre
  2119 | D:4      | Reached XP level 5. HP: 45/53 MP: 4/4
  2139 | D:4      | Found a staircase to the Ecumenical Temple.
  2169 | Temple   | Entered the Ecumenical Temple
  2228 | Temple   | Became a worshipper of Warmaster Okawaru
  2228 | Temple   | Reached * piety under Okawaru
  2228 | Temple   | Reached ** piety under Okawaru
  2318 | D:4      | Noticed Duvessa
  2318 | D:4      | Noticed Dowan
  2332 | D:4      | Killed Duvessa
  2332 | D:4      | Reached skill level 6 in Unarmed Combat
  2332 | D:4      | Reached XP level 6. HP: 44/61 MP: 5/5
  2333 | D:4      | HP: 1/61 [Dowan/shard of ice (25)]
  2334 | D:4      | Killed from afar by Dowan

Action                   |  1- 3 |  4- 6 || total
-------------------------+-------+-------++-------
Melee: Unarmed           |    65 |   109 ||   174
  Use: Scroll            |       |     8 ||     8
 Stab: Sleeping          |     1 |     3 ||     4
  Eat: Chunk             |    13 |    13 ||    26
